 Dungeon Crawl Stone Soup version 0.21.1-75-g79f45116ed (webtiles) character file.

135 BrokenGlass the Insei (level 5, -5/37 HPs)
             Began as an Octopode Monk on Aug 19, 2018.
             Slain by a worm (7 damage)
             ... on level 3 of the Dungeon.
             The game lasted 00:02:05 (1942 turns).

BrokenGlass the Insei (Octopode Monk)               Turns: 1942, Time: 00:02:06

Health: -5/37      AC:  1    Str: 11    XL:     5   Next: 18%
Magic:  5/5        EV: 14    Int: 18    God:
Gold:   69         SH:  0    Dex: 14    Spells: 4/4 levels left

rFire    . . .     SeeInvis .     - Unarmed
rCold    . . .     Gourm    .   (no shield)
rNeg     . . .     Faith    .   (helmet restricted)
rPois    .         Spirit   .   (no amulet)
rElec    .         Reflect  .   m - +5 ring of intelligence
rCorr    .         Harm     .   (no ring)
MR       .....                  (no ring)
Stlth    +++.......             (no ring)
HPRegen  0.12/turn              (no ring)
MPRegen  0.09/turn              (no ring)
                                (no ring)
                                (no ring)

@: no status effects
A: almost no armour, stealthy swim, amphibious, 8 rings, constrict 8, camouflage
1, gelatinous body 1
a: no special abilities


You were on level 3 of the Dungeon.
You were not hungry.

You visited 1 branch of the dungeon, and saw 3 of its levels.

You collected 69 gold pieces.

Inventory:

Missiles
 i - 36 stones (quivered)
 j - 33 arrows
Jewellery
 m - a +5 ring of intelligence (left tentacle)
Wands
 g - a wand of random effects (40)
Scrolls
 b - a scroll of amnesia {unknown}
 e - 2 scrolls of random uselessness {unknown}
 f - 2 scrolls of teleportation {unknown}
 k - a scroll of identify {unknown}
 n - a scroll of remove curse {unknown}
Potions
 c - 2 potions of curing {unknown}
 d - 2 potions of berserk rage {unknown}
 h - a potion of might
 l - a potion of ambrosia {unknown}
Comestibles
 a - 4 rations


   Skills:
 + Level 4.1 Fighting
 - Level 3.0 Dodging
 - Level 2.6 Stealth
 * Level 4.9 Unarmed Combat


You had 4 spell levels left.
You didn't know any spells.

Dungeon Overview and Level Annotations

Branches:
Dungeon (3/15)

Altars:
Gozag
Nemelex Xobeh
Ru

Annotations:
D:3 Sigmund


Innate Abilities, Weirdness & Mutations

You cannot wear most types of armour.
You are very stealthy in the water. (Stealth+)
You are amphibious.
You can wear up to eight rings at the same time.
You can use your tentacles to constrict eight enemies at once.
Your skin changes colour to match your surroundings (Stealth+).
Your rubbery body absorbs attacks. (AC +1, EV +1)


Message History

You bump into the rock wall.
The hobgoblin shouts!
The adder bites you.
Sigmund hits you from afar with a scythe!
Unknown command.
You're too confused to move!
The adder misses you. The adder closely misses you. Sigmund closely misses you.
Unknown command.
You closely miss the rat. The adder barely misses you. The rat bites you.
Unknown command.
You tentacle-slap the rat.
You kill the rat!
The adder bites you.
Sigmund hits you from afar with a scythe!
* * * LOW HITPOINT WARNING * * *
Unknown command.
Unknown command.
You feel less confused. The worm bites you!
You die...

### ..# #
######.###s###
#....#g......#
.##...@S.@..#
#......)w###.##.#
#....$..........#
#........<#.#####
..............>..
#..............#.
#........#######
#..!......
.........


You could see Sigmund, a worm, an adder, a giant cockroach (wandering) and a
hobgoblin.

Vanquished Creatures
  A crimson imp (D:2)
  4 adders (D:2)
  2 oozes
  2 worms (D:2)
  A dart slug (D:2)
  3 giant cockroaches
  6 hobgoblins
  7 jackals
  3 kobolds
  A quokka (D:3)
  4 bats
  3 frilled lizards (D:2)
  6 goblins
  6 rats
49 creatures vanquished.

Notes
Turn   | Place    | Note
-------+----------+-------------------------------------------
     0 | D:1      | BrokenGlass the Octopode Monk began the quest for the Orb.
     0 | D:1      | Reached XP level 1. HP: 16/16 MP: 1/1
   146 | D:1      | Reached XP level 2. HP: 21/21 MP: 2/2
   672 | D:2      | Noticed a crimson imp
   681 | D:2      | Killed a crimson imp
   681 | D:2      | Reached XP level 3. HP: 21/26 MP: 3/3
   692 | D:2      | Reached XP level 4. HP: 20/32 MP: 4/4
   842 | D:2      | Found a sparkling altar of Nemelex Xobeh.
   843 | D:2      | Found an opulent altar of Gozag.
   931 | D:2      | Found a sacrificial altar of Ru.
  1589 | D:2      | Reached XP level 5. HP: 30/37 MP: 5/5
  1930 | D:3      | Noticed Sigmund
  1942 | D:3      | Slain by a worm

Skill      XL: |  1  2  3  4 |
---------------+-------------+-----
Unarmed Combat | 4 |  4.9
Fighting       | 4 |  4.1
Dodging        | |  3.0
Stealth        | |  2.6

Action                   |  1- 3 |  4- 6 || total
-------------------------+-------+-------++-------
Melee: Unarmed           |    42 |    67 ||   109
       Constrict         |    12 |    20 ||    32
       Punch             |     3 |     2 ||     5
       Tentacles         |     8 |     9 ||    17
 Stab: Sleeping          |     5 |     8 ||    13
       Paralysed         |       |     1 ||     1
  Eat: Chunk             |       |     3 ||     3
Armor: Skin              |    10 |     1 ||    11
Dodge: Dodged            |    34 |    52 ||    86
